 Dungeon Crawl Stone Soup version 0.21.1-1-g345015fe64 (webtiles) character file.

20888 Lentor the Fencer (level 12, 0/112 HPs)
             Began as a Minotaur Berserker on June 21, 2018.
             Was the Champion of Trog.
             Slain by a skeletal warrior
             ... wielding a cursed -3 short sword
              (12 damage)
             ... on level 13 of the Dungeon.
             The game lasted 00:27:33 (14076 turns).

Lentor the Fencer (Minotaur Berserker)             Turns: 14076, Time: 00:27:33

Health: 0/112      AC: 17    Str: 25    XL:     12   Next: 49%
Magic:  11/11      EV: 14    Int:  7    God:    Trog [******]
Gold:   688        SH:  0    Dex: 11    Spells: 11/11 levels left

rFire    . . .     SeeInvis .   H - +5 great sword
rCold    . . .     Gourm    .   (shield currently unavailable)
rNeg     . . .     Faith    .   y - +4 scale mail
rPois    .         Spirit   .   (helmet restricted)
rElec    .         Reflect  .   r - +0 cloak
rCorr    .         Harm     .   J - +0 pair of gloves
MR       .....                  D - +0 pair of boots
Stlth    +.........             (no amulet)
HPRegen  0.28/turn              g - ring of flight
MPRegen  0.12/turn              G - +2 ring of intelligence

@: berserk cooldown, slowed, very slow
A: retaliatory headbutt, horns 2
a: Berserk, Trog's Hand, Brothers in Arms, Burn Spellbooks, Renounce Religion,
Evoke Flight


You were on level 13 of the Dungeon.
You worshipped Trog.
Trog was exalted by your worship.
You were very hungry.

You visited 2 branches of the dungeon, and saw 14 of its levels.
You also visited: Sewer.

You collected 688 gold pieces.

Inventory:

Hand Weapons
 H - a +5 great sword (weapon)
Armour
 r - a +0 cloak (worn)
 y - a +4 scale mail (worn)
 D - a +0 pair of boots (worn)
 J - a +0 pair of gloves (worn)
 M - a +0 scale mail of cold resistance
Jewellery
 g - a ring of flight (left hand)
 x - a +5 amulet of reflection {unknown}
 G - a +2 ring of intelligence (right hand)
Wands
 a - a wand of polymorph (12)
 l - a wand of digging (11)
 C - a wand of paralysis (16)
 K - a wand of enslavement (13)
Scrolls
 b - 4 scrolls of blinking
 d - 8 scrolls of identify
 f - 2 scrolls of immolation
 h - 8 scrolls of remove curse
 i - a scroll of fog
 m - a scroll of vulnerability {unknown}
 n - 10 scrolls of teleportation
 u - 2 scrolls of fear
 v - a scroll of enchant weapon
 w - 5 scrolls of magic mapping
 E - a scroll of summoning {unknown}
 L - a scroll of enchant armour
Potions
 e - a potion of mutation
 j - 5 potions of brilliance
 k - 4 potions of flight
 o - 3 potions of curing
 p - 5 potions of ambrosia
 q - a potion of cancellation
 s - 6 potions of magic
 t - 6 potions of might
 z - 3 potions of haste
 A - a potion of heal wounds
 B - a potion of agility {unknown}
 F - a potion of resistance
 I - 2 potions of lignification
Comestibles
 c - 11 rations


   Skills:
 + Level 11.8 Fighting
 + Level 16.3 Long Blades
 + Level 11.5 Armour
 - Level 7.5 Dodging
 - Level 3.0 Stealth


You had 11 spell levels left.
You didn't know any spells.

Dungeon Overview and Level Annotations

Branches:
Dungeon (13/15)            Temple (1/1) D:6            Lair (0/6) D:11
    Orc (0/2) D:9
 Vaults: D:13-14

Altars:
Ashenzari
Cheibriados
Dithmenos
Elyvilon
Fedhas
Gozag
Hepliaklqana
Kikubaaqudgha
Makhleb
Nemelex Xobeh
Okawaru
Qazlal
Ru
Sif Muna
Trog
Uskayaw
Vehumet
Wu Jian
Xom
Yredelemnul
Zin
The Shining One
Beogh
Lugonu

Shops:
D:7 }   D:8 [?*?%


Innate Abilities, Weirdness & Mutations

You reflexively headbutt those who attack you in melee.
You have a pair of horns on your head.


Message History

You headbutt the skeletal warrior, but do no damage.
The skeletal warrior is heavily damaged.
The skeletal warrior hits you with a short sword!
* * * LOW HITPOINT WARNING * * *
You closely miss the skeletal warrior.
Your headbutt misses the skeletal warrior.
The skeletal warrior is heavily damaged.
The skeletal warrior completely misses you.
You furiously retaliate!
You headbutt the skeletal warrior, but do no damage.
The skeletal warrior hits you but does no damage.
You slash the skeletal warrior!
You headbutt the skeletal warrior, but do no damage.
The skeletal warrior is severely damaged.
The skeletal warrior hits you with a short sword!
* * * LOW HITPOINT WARNING * * *
You hit the skeletal warrior.
The skeletal warrior is severely damaged.
The skeletal warrior hits you with a short sword!
You die...

## #.. #.#
#.. #.# #
#.#
#.##.#######
#..†z()....#
####@#####.#
#.# #.# #.#
#.# #.# #.#
#.#


You could see a skeletal warrior.

Vanquished Creatures
  Snorg (D:10)
  3 two-headed ogres
  The ghost of Gargoyl the Chopper, a novice CeAK of Lugonu (D:8)
  4 skeletal warriors
  4 unseen horrors
  2 ugly things (D:12)
  A manticore (D:13)
  Psyche (D:8)
  3 gargoyles
  4 trolls
  Prince Ribbit (D:5)
  A hippogriff (D:8)
  10 yaks
  A wraith (D:10)
  Grum (D:8)
  A human (D:7)
  3 hogs (D:7)
  A hungry ghost (D:10)
  Menkaure (D:5)
  A soldier ant (D:11)
  A water moccasin (D:5)
  5 orc warriors
  3 ice beasts
  3 black bears
  8 phantoms
  5 ogres
  2 necrophages
  3 wolves (D:8)
  12 centaurs
  3 big kobolds
  Blork the orc (D:5)
  3 bullfrogs
  A water moccasin zombie (D:8)
  A wyvern zombie (D:11)
  A water moccasin skeleton (D:7)
  8 killer bees (D:8)
  4 wights (D:6)
  2 howler monkeys
  6 crimson imps
  A bullfrog zombie (D:8)
  A quasit (D:9)
  3 centaur skeletons
  3 hounds
  9 orc priests
  3 bullfrog skeletons
  A jelly (D:9)
  14 orc wizards
  3 iguanas
  8 worker ants
  2 killer bee zombies
  Robin (D:3)
  3 gnolls
  21 adders
  6 river rats (Sewer)
  3 shadow imps
  A white imp (D:12)
  4 adder skeletons
  2 adder zombies
  7 worms
  3 dart slugs (D:1)
  4 leopard geckos
  63 orcs
  7 ball pythons
  7 bats
  8 giant cockroaches
  9 hobgoblins
  6 jackals
  17 kobolds
  4 quokkas
  12 frilled lizards
  21 goblins
  A jackal zombie (D:6)
  A leopard gecko skeleton (D:6)
  17 rats
393 creatures vanquished.

Notes
Turn   | Place    | Note
-------+----------+-------------------------------------------
     0 | D:1      | Lentor the Minotaur Berserker began the quest for the Orb.
     0 | D:1      | Reached XP level 1. HP: 19/19 MP: 0/0
    25 | D:1      | Reached XP level 2. HP: 25/27 MP: 1/1
    62 | D:1      | Reached skill level 4 in Long Blades
   273 | D:1      | Reached ** piety under Trog
   326 | D:1      | Reached XP level 3. HP: 28/33 MP: 2/2
   717 | D:2      | Reached skill level 5 in Long Blades
   717 | D:2      | Reached XP level 4. HP: 41/41 MP: 3/3
  1112 | D:3      | Reached XP level 5. HP: 47/47 MP: 4/4
  1249 | D:3      | Found a glowing drain.
  1267 | D:3      | Reached skill level 6 in Long Blades
  1275 | Sewer    | Entered a sewer
  1294 | Sewer    | Reached *** piety under Trog
  1619 | Sewer    | Reached XP level 6. HP: 55/55 MP: 5/5
  1635 | Sewer    | Reached skill level 5 in Fighting
  2049 | D:3      | Reached **** piety under Trog
  2111 | D:3      | Noticed Robin
  2128 | D:3      | Killed Robin
  2680 | D:4      | Reached XP level 7. HP: 58/61 MP: 6/6
  2743 | D:4      | Found a sacrificial altar of Ru.
  2826 | D:4      | Found a basalt altar of Yredelemnul.
  2858 | D:4      | Reached skill level 7 in Long Blades
  3058 | D:4      | Found a sparkling altar of Nemelex Xobeh.
  3136 | D:4      | Found a white marble altar of Elyvilon.
  3170 | D:5      | Entered Level 5 of the Dungeon
  3350 | D:5      | Reached skill level 5 in Armour
  3350 | D:5      | Reached skill level 1 in Stealth
  3484 | D:5      | Noticed Prince Ribbit
  3493 | D:5      | Noticed Menkaure
  3495 | D:5      | Killed Prince Ribbit
  3510 | D:5      | HP: 3/63 [Menkaure (11)]
  3512 | D:5      | Killed Menkaure
  3512 | D:5      | Reached skill level 8 in Long Blades
  3512 | D:5      | Reached XP level 8. HP: 4/70 MP: 7/7
  4515 | D:5      | Noticed Blork the orc
  4528 | D:5      | Killed Blork the orc
  4528 | D:5      | Reached ***** piety under Trog
  4693 | D:5      | Found a glowing silver altar of Zin.
  4693 | D:5      | Found a shadowy altar of Dithmenos.
  4694 | D:5      | Found a shimmering altar of Xom.
  4797 | D:6      | Found an ornate altar of the Wu Jian Council.
  4812 | D:6      | Reached skill level 9 in Long Blades
  5041 | D:6      | Found a staircase to the Ecumenical Temple.
  5087 | Temple   | Entered the Ecumenical Temple
  5225 | D:6      | Found a hide-covered altar of Uskayaw.
  5389 | D:6      | Found a deep blue altar of Sif Muna.
  5397 | D:6      | Found an ancient bone altar of Kikubaaqudgha.
  5647 | D:6      | Found a radiant altar of Vehumet.
  5649 | D:6      | Reached XP level 9. HP: 79/79 MP: 8/8
  5992 | D:7      | Reached skill level 5 in Dodging
  6241 | D:7      | Reached skill level 10 in Long Blades
  6353 | D:7      | Found a bloodstained altar of Trog.
  6477 | D:7      | Found Beazxau's Gadget Shoppe.
  6601 | D:7      | Found a snail-covered altar of Cheibriados.
  6964 | D:8      | Found Refir's Armour Emporium.
  6981 | D:8      | Noticed Gargoyl's ghost (novice CeAK)
  6982 | D:8      | Noticed Psyche
  6989 | D:8      | Killed Psyche
  6989 | D:8      | Reached skill level 11 in Long Blades
  6995 | D:8      | Noticed a two-headed ogre
  7001 | D:8      | Killed a two-headed ogre
  7001 | D:8      | Reached XP level 10. HP: 54/90 MP: 9/9
  7006 | D:8      | Received a gift from Trog
  7808 | D:8      | Noticed Grum
  7820 | D:8      | Killed Grum
  7862 | D:8      | Found Umulatat's Magic Scroll Emporium.
  7883 | D:8      | Reached skill level 12 in Long Blades
  7931 | D:8      | Found Benaerch's Assorted Antiques.
  8125 | D:8      | Killed Gargoyl's ghost
  8499 | D:8      | Found Adosopha's Magic Scroll Emporium.
  8849 | D:8      | Found Ededanun's Food Shoppe.
  9116 | D:9      | Found a roughly hewn altar of Beogh.
  9122 | D:9      | Found a staircase to the Orcish Mines.
  9580 | D:9      | Reached skill level 13 in Long Blades
  9999 | D:9      | Found an iron altar of Okawaru.
 10280 | D:10     | Entered Level 10 of the Dungeon
 10283 | D:10     | Noticed Snorg
 10293 | D:10     | Reached XP level 11. HP: 99/99 MP: 10/10
 10301 | D:10     | Killed Snorg
 10301 | D:10     | Reached skill level 10 in Armour
 10580 | D:10     | Reached ****** piety under Trog
 10629 | D:10     | Killed an unseen horror
 10629 | D:10     | Reached skill level 10 in Fighting
 10682 | D:10     | Reached skill level 14 in Long Blades
 11196 | D:10     | Got a shimmering long sword
 11197 | D:10     | Identified the cursed +0 long sword "Qoureepa" {flame, Dex+4} (You found it on level 10 of the Dungeon)
 11388 | D:11     | Received a gift from Trog
 11402 | D:11     | Killed an unseen horror
 11565 | D:11     | Noticed a two-headed ogre
 11575 | D:11     | Killed a two-headed ogre
 11975 | D:11     | Reached skill level 15 in Long Blades
 12109 | D:11     | Found a staircase to the Lair.
 12697 | D:11     | Noticed a two-headed ogre
 12703 | D:11     | Killed a two-headed ogre
 12703 | D:11     | Reached XP level 12. HP: 110/110 MP: 11/11
 13818 | D:12     | Reached skill level 16 in Long Blades
 14063 | D:13     | Received a gift from Trog
 14076 | D:13     | Slain by a skeletal warrior

Skill      XL: |  1  2  3  4  5  6  7  8  9 10 11 12 |
---------------+-------------------------------------+-----
Long Blades    | 4 5 6 8 9 11 13 15 16 | 16.3
Fighting       | 4 5 6 7 8 9 11 | 11.8
Armour         | 3 4 5 6 8 9 10 11 | 11.5
Dodging        | 3 4 6 7 |  7.5
Stealth        | 1 2 3 |  3.0

Action                   |  1- 3 |  4- 6 |  7- 9 | 10-12 || total
-------------------------+-------+-------+-------+-------++-------
Melee: Falchion          |    59 |   184 |   237 |       ||   480
       Headbutt          |     9 |    35 |    60 |   105 ||   209
       Great sword       |       |       |    11 |   465 ||   476
Invok: Berserk           |       |     2 |     4 |    14 ||    20
       Burn Spellbooks   |       |       |     2 |     1 ||     3
  Use: Scroll            |       |       |       |    27 ||    27
       Potion            |       |       |       |     1 ||     1
  Eat: Chunk             |       |     7 |     2 |    18 ||    27
       Ration            |       |       |     5 |     5 ||    10
Armor: Animal skin       |     8 |       |       |       ||     8
       Ring mail         |    13 |    47 |    30 |       ||    90
       Scale mail        |       |       |    70 |   290 ||   360
Dodge: Dodged            |    40 |   109 |   139 |   391 ||   679
       Rpst.: Falchion   |     6 |    28 |    31 |       ||    65
       Great sword       |       |       |     3 |    88 ||    91
